 Dungeon Crawl Stone Soup version 0.23.2-33-g5129a83184 (webtiles) character file.

Game seed: 15178265768260638621

152 Fang the Shield-Bearer (level 5, -5/46 HPs)
             Began as a Hill Orc Fighter on July 18, 2019.
             Killed by divine providence
             ... invoked by an orc priest
              (13 damage)
             ... on level 4 of the Dungeon.
             The game lasted 00:15:16 (2244 turns).

Fang the Shield-Bearer (Hill Orc Fighter)           Turns: 2244, Time: 00:15:17

Health: -5/46      AC:  6    Str: 20    XL:     5   Next: 34%
Magic:  5/5        EV:  8    Int:  8    God:
Gold:   128        SH:  9    Dex: 10    Spells: 4/4 levels left

rFire    . . .     SeeInvis .   a - +0 war axe
rCold    . . .     Gourm    .   c - +0 shield
rNeg     . . .     Faith    .   b - +0 scale mail
rPois    .         Spirit   .   (no helmet)
rElec    .         Reflect  .   (no cloak)
rCorr    .         Harm     .   (no gloves)
MR       .....                  (no boots)
Stlth    ..........             (no amulet)
HPRegen  0.15/turn              (no ring)
MPRegen  0.09/turn              (no ring)

@: no status effects
A: no striking features
a: Convert to Beogh


You were on level 4 of the Dungeon.
You were very hungry.

You visited 1 branch of the dungeon, and saw 4 of its levels.

You collected 128 gold pieces.

Inventory:

Hand Weapons
 a - a +0 war axe (weapon)
 g - a +0 club
 j - a +0 dagger
 k - a +0 dagger
 l - a +0 club
 m - a +0 whip
 r - a +0 club
 t - a +0 dagger
 x - a cursed -1 club
 C - a +0 hand axe
 E - a +4 spear of venom
Missiles
 i - 63 stones (quivered)
 n - 35 sling bullets
 A - 16 bolts
Armour
 b - a +0 scale mail (worn)
 c - a +0 shield (worn)
 h - a +0 scale mail
 z - a +0 leather armour
 D - a scarf of resistance
 G - a +0 ring mail
Jewellery
 u - an uncursed ring of see invisible {unknown}
Wands
 F - a wand of enslavement (12)
Scrolls
 e - 5 scrolls of identify {unknown}
 p - 2 scrolls of remove curse {unknown}
 q - a scroll of fog {unknown}
 w - 2 scrolls of random uselessness {unknown}
 y - 2 scrolls of teleportation {unknown}
Potions
 d - a potion of might
 o - a potion of invisibility {unknown}
 s - a potion of haste {unknown}
 v - a potion of curing {unknown}
 B - a potion of heal wounds {unknown}
Comestibles
 f - 4 rations


   Skills:
 + Level 4.1 Fighting
 - Level 3.2(3.9) Axes
 * Level 2.7(3.2) Maces & Flails
 - Level 3.5 Armour
 + Level 1.3 Dodging
 + Level 4.4 Shields


You had 4 spell levels left.
You didn't know any spells.
Your spell library contained the following spells:

 Spells                   Type           Power        Failure   Level  Hunger
 Animate Skeleton         Necr           N/A          99%         1    ##.....
 Apportation              Tloc           #.....       99%         1    ##.....
 Confusing Touch          Hex            #.....       99%         1    ##.....
 Summon Small Mammal      Summ           #...         99%         1    ##.....


Dungeon Overview and Level Annotations

Branches:
Dungeon (4/15)
 Temple: D:4-7

Altars:
Makhleb


Message History

The orc priest closely misses you. You block the orc's attack.
You block the orc's attack.
The orc priest shouts, "Beogh is our master!
Accept the truth or die!"
You hit the orc priest.
The orc priest threatens, "By the altar or by the axe, you will meet Beogh!"
The orc priest is moderately wounded.
The orc priest shouts, "Beogh is our master!
Accept the truth or die!"
The orc priest shouts, "Join the one true god or die!"
The orc priest hits you with a +0 whip.
* * * LOW HITPOINT WARNING * * *
There are monsters nearby!
There are monsters nearby!
Unknown command.
The orc priest miscasts a cantrip.
The orc priest invokes the aid of Beogh against you.
Pain shoots through your body!
* * * LOW HITPOINT WARNING * * *
The orc priest invokes the aid of Beogh against you.
Beogh smites you!
You die...

## ##.##########
#..........[###########
........)..oo...@.....#
#...#######.#########.#
#..# #.# #.###########
#.o #.# #....).....##
#. #.# ###########...
#. #.# #............. #
#.# #.############ #.#
#.# # #.# #


You could see an orc priest and an orc.

Vanquished Creatures
  A hound (D:3)
  A gnoll (D:1)
  5 adders
  2 worms (D:2)
  A dart slug (D:2)
  2 leopard geckos
  3 orcs
  2 giant cockroaches
  8 goblins
  7 hobgoblins
  4 jackals (D:1)
  A ball python (D:3)
  4 bats
  5 frilled lizards
  4 kobolds
  7 rats
57 creatures vanquished.

Notes
Turn   | Place    | Note
-------+----------+-------------------------------------------
     0 | D:1      | Fang the Hill Orc Fighter began the quest for the Orb.
     0 | D:1      | Reached XP level 1. HP: 19/19 MP: 1/1
   130 | D:1      | Reached XP level 2. HP: 27/27 MP: 2/2
   246 | D:1      | Reached XP level 3. HP: 21/33 MP: 3/3
   596 | D:2      | Reached skill level 1 in Maces & Flails
   768 | D:2      | Reached XP level 4. HP: 26/40 MP: 4/4
   869 | D:2      | Reached skill level 1 in Dodging
  1453 | D:3      | Found a burning altar of Makhleb.
  1464 | D:3      | Reached XP level 5. HP: 31/46 MP: 5/5
  2244 | D:4      | Killed from afar by an orc priest

Skill      XL: |  1  2  3  4 |
---------------+-------------+-----
Axes           | 3 |  3.2
Shields        | 4 |  4.4
Fighting       | 4 |  4.1
Maces & Flails | 1 2 |  2.7
Dodging        | 1 |  1.3
Armour         | |  3.5

Action                   |  1- 3 |  4- 6 || total
-------------------------+-------+-------++-------
Melee: War axe           |   104 |   101 ||   205
  Eat: Ration            |       |     1 ||     1
Armor: Scale mail        |    43 |    63 ||   106
Dodge: Dodged            |    36 |    38 ||    74
Block: Shield            |    48 |    59 ||   107
